Map: Prion Terraces

Players

Miszu

  • Race: Protoss Protoss
  • League: Grandmaster

GhostShadow - Winner!

  • Race: Zerg Zerg
  • League: Master

VOD

Have the link to the VOD?

Description

Time

  • Played on: April 8, 2016, 6:20 p.m.
  • Length: 5:48
Show
View Real Time Build Order
Export as new Build Order

Miszu Protoss 

Build Orders: 1 Gate Expand 

Get SALT Encoding   

  12  0:01  Probe (Chrono Boost)  
  13  0:11  Probe (Chrono Boost)  
  14  0:21  Pylon  
  14  0:23  Probe (Chrono Boost)  
  15  0:39  Probe (Chrono Boost)  
  15  0:40  Gateway  
  17  0:50  Probe (Chrono Boost)  
  17  1:00  Probe (Chrono Boost)  
  18  1:18  Nexus  
  18  1:20  Probe (Chrono Boost)  
  18  1:24  Assimilator  
  19  1:35  Cybernetics Core  
  19  1:37  Probe (Chrono Boost)  
  20  1:43  Pylon  
  20  1:47  Assimilator  
  20  1:49  Probe (Chrono Boost)  
  21  1:59  Probe (Chrono Boost)  
  22  2:10  Probe (Chrono Boost)  
  22  2:12  Adept (Chrono Boost)  
  22  2:15  Warp Gate  
  25  2:21  Probe  
  26  2:29  Probe  
  26  2:33  Probe  
  28  2:39  Adept (Chrono Boost)  
  28  2:40  Probe  
  31  2:45  Probe  
  31  2:50  Mothership Core  
  32  2:57  Probe  
  35  3:03  Adept (Chrono Boost)  
  37  3:09  Probe x2  
  39  3:21  Probe  
  38  3:27  Probe  
  38  3:33  Gateway  
  38  3:34  Gateway  
  39  3:37  Probe  
  39  3:38  Pylon, Probe  
  41  3:45  Nexus  
  41  3:48  Probe  
  39  3:49  Pylon  
  39  3:50  Probe  
  41  3:58  Probe  
  42  4:02  Probe  
  42  4:09  Probe  
  41  4:15  Probe  
  43  4:17  Assimilator  
  43  4:18  Stargate  
  43  4:19  Assimilator  
  43  4:20  Stargate  
  43  4:29  Adept x3, Probe  
  43  4:30  Probe  
  51  4:42  Probe  
  51  4:51  Probe  
  51  4:54  Probe  
  51  4:58  Probe  
  54  5:02  Pylon  
  54  5:03  Probe  
  54  5:06  Probe, Phoenix x2 (Chrono Boost)  
  60  5:08  Probe  
  60  5:11  Pylon  
  61  5:15  Probe  
  61  5:18  Robotics Facility x2  
  61  5:20  Probe  
  62  5:22  Probe  
  62  5:25  Pylon  
  62  5:27  Probe  
  65  5:31  Probe  
  65  5:34  Probe  
Show
View Real Time Build Order
Export as new Build Order

GhostShadow Zerg - Winner!

Build Orders: Hatch First 

Get SALT Encoding   

  12  0:01  Drone  
  13  0:08  Drone  
  14  0:22  Extractor, Drone  
  14  0:25  Extractor, Drone  
  14  0:27  Overlord  
  16  0:49  Hatchery  
  15  0:51  Drone  
  15  0:55  Drone  
  17  0:58  Drone  
  18  1:07  Extractor  
  17  1:14  Spawning Pool  
  17  1:17  Drone  
  17  1:20  Drone  
  18  1:27  Drone  
  19  1:37  Drone  
  20  1:50  Drone  
  21  1:57  Hatchery  
  20  2:01  Queen  
  22  2:11  Metabolic Boost  
  22  2:19  Queen  
  22  2:21  Drone  
  25  2:24  Drone  
  25  2:28  Overlord  
  26  2:32  Drone x2  
  26  2:36  Overlord  
  28  2:50  Drone  
  28  2:51  Drone x3  
  32  2:55  Drone  
  33  3:01  Drone  
  34  3:09  Zergling x2  
  34  3:13  Zergling x2  
  34  3:14  Zergling x2  
  34  3:18  Queen  
  36  3:23  Drone x2  
  36  3:24  Drone  
  37  3:30  Roach Warren, Drone x2  
  38  3:35  Lair  
  38  3:43  Drone x2  
  38  3:47  Overlord  
  40  3:50  Extractor  
  40  3:51  Extractor  
  40  3:52  Drone x4  
  40  3:54  Drone  
  43  3:58  Drone x2  
  43  3:59  Drone  
  46  4:05  Drone x2  
  46  4:06  Drone x2  
  49  4:18  Roach x4  
  49  4:19  Overlord  
  49  4:23  Drone  
  58  4:28  Overlord  
  58  4:32  Overlord, Extractor  
  56  4:47  Roach x4  
  56  4:48  Evolution Chamber  
  56  4:50  Roach x2  
  56  4:52  Roach  
  69  4:59  Zergling x10, Roach x2  
  78  5:00  Zergling x2  
  78  5:15  Hydralisk Den, Drone x5  
  78  5:17  Extractor  
  78  5:19  Extractor  
  80  5:29  Overlord, Drone x2  
  80  5:30  Overlord x2  
Tags
 
Add a new tag
Caveats
  • Supply blocks, unpowered buildings, or Contaminate may cause inaccurate times.
  • Supply counts are checked every 10 seconds.